 Dungeon Crawl Stone Soup version 0.25-a0-435-g4b9beb1024 (webtiles) character file.

Game seed: 14784419495282770135, levelgen mode: deterministic

28 Kohma the Chopper (level 3, -2/33 HPs)
             Began as a Minotaur Berserker on Jan 29, 2020.
             Was a Believer of Trog.
             Slain by a gnoll
             ... wielding a +0 spear
              (3 damage)
             ... on level 2 of the Dungeon.
             The game lasted 00:02:32 (1103 turns).

Kohma the Chopper (Minotaur Berserker)              Turns: 1103, Time: 00:02:32

Health: -2/33      AC:  3    Str: 22    XL:     3   Next: 0%
Magic:  2/2        EV: 11    Int:  4    God:    Trog [**....]
Gold:   25         SH:  3    Dex:  9    Spells: 2/2 levels left

rFire    . . .     SeeInvis .   f - +2 short sword (speed)
rCold    . . .     Gourm    .   v - +0 buckler
rNeg     . . .     Faith    .   b - +0 animal skin
rPois    .         Spirit   .   (helmet restricted)
rElec    .         Reflect  .   (no cloak)
rCorr    .         Harm     .   (no gloves)
MR       .....                  r - +0 pair of boots
Stlth    +.........             (no amulet)
HPRegen  0.11/turn              (no ring)
MPRegen  0.08/turn              (no ring)

@: no status effects
A: retaliatory headbutt, horns 2
a: Berserk, Trog's Hand, Renounce Religion


You were on level 2 of the Dungeon.
You worshipped Trog.
Trog was pleased with you.
You were not hungry.

You visited 1 branch of the dungeon, and saw 2 of its levels.

You collected 25 gold pieces.

Inventory:

Hand Weapons
 a - a +0 hand axe
 f - a +2 short sword of speed (weapon)
 p - a cursed -1 mace
Missiles
 g - 3 javelins (quivered)
 k - a throwing net
Armour
 b - a +0 animal skin (worn)
 r - a +0 pair of boots (worn)
 v - a +0 buckler (worn)
Jewellery
 l - an uncursed ring of see invisible {unknown}
 t - an uncursed ring of protection from fire {unknown}
Scrolls
 h - a scroll of teleportation {unknown}
 j - a scroll of fog {unknown}
 o - a scroll of random uselessness {unknown}
 q - a scroll of enchant armour {unknown}
 u - 2 scrolls of identify {unknown}
Potions
 d - 3 potions of flight {unknown}
 e - 2 potions of haste {unknown}
 i - 2 potions of curing {unknown}
 m - a potion of berserk rage {unknown}
 s - a potion of resistance {unknown}
 w - 2 potions of heal wounds {unknown}
Comestibles
 c - 2 rations


   Skills:
 + Level 4.0 Fighting
 * Level 4.4 Axes
 + Level 3.0 Armour
 - Level 2.1 Dodging
 * Level 0.4 Shields


You had 2 spell levels left.
You didn't know any spells.
Your spell library was empty.

Dungeon Overview and Level Annotations

Branches:
Dungeon (2/15)

Altars:


Innate Abilities, Weirdness & Mutations

You reflexively headbutt those who attack you in melee.
You have a pair of horns on your head.


Message History

The gnoll is heavily wounded.
The gnoll barely misses you. You block the gnoll's attack.
The gnoll hits you with a +0 spear. x2
You closely miss the gnoll. Your headbutt misses the gnoll.
The gnoll hits you with a +0 spear. The gnoll misses you.
You hit the gnoll.
The gnoll is lightly wounded.
The gnoll hits you with a +0 spear! The gnoll hits you with a +0 spear.
You hit the gnoll.
The gnoll is moderately wounded.
You hit the gnoll but do no damage.
The gnoll is moderately wounded.
The gnoll hits you with a +0 spear.
* * * LOW HITPOINT WARNING * * *
The gnoll hits you with a +0 spear.
* * * LOW HITPOINT WARNING * * *
You hit the gnoll. Your headbutt misses the gnoll.
The gnoll is severely wounded.
The gnoll hits you with a +0 spear.
You die...

.#.#############.# .#.#
........# .#.# ........#
.#.# ........# .#.###
........# >....+
...<....# ..####
........# ..# .......g#
## ..############'#@# .
...............g.#.# ..
#############....#.#....
........................
####.............#.##...
#.............#..+
####.............# ##
.............###.#
####.........# #.#


You could see 2 gnolls.

Vanquished Creatures
  A worm (D:2)
  A leopard gecko (D:1)
  2 ball pythons (D:1)
  2 giant cockroaches (D:1)
  4 goblins (D:1)
  2 hobgoblins (D:1)
  3 bats
  2 frilled lizards (D:1)
  5 kobolds (D:1)
  A rat (D:1)
23 creatures vanquished.

Notes
Turn   | Place    | Note
-------+----------+-------------------------------------------
     0 | D:1      | Kohma the Minotaur Berserker began the quest for the Orb.
     0 | D:1      | Reached XP level 1. HP: 19/19 MP: 0/0
   338 | D:1      | Reached XP level 2. HP: 24/27 MP: 1/1
   920 | D:2      | Reached ** piety under Trog
   985 | D:2      | Reached XP level 3. HP: 31/33 MP: 2/2
  1102 | D:2      | HP: 1/33 [gnoll/+0 spear (4)]
  1103 | D:2      | Slain by a gnoll

Levels and vault maps discovered:
D:1:      nagdon_arrival_zigzag_paths, layout_rooms, serial_bayou,
          serial_bayou_lagoon_a, serial_bayou_pond_c, serial_bayou_pond_a,
          serial_bayou_ford_a
D:2:      layout_basic, gammafunk_temple_overflow_elements,
          chequers_ecumenical_altar_grove, minmay_misc_feat_chi,
          minmay_hexomino_u4

Skill      XL: |  1  2 |
---------------+-------+-----
Axes           | 4 |  4.4
Fighting       | 4 |  4.0
Armour         | 3 |  3.0
Dodging        | |  2.1
Shields        | |  0.4

Action                   || total
-------------------------++-------
Melee: Hand axe          ||    10
       Short sword       ||    35
       Headbutt          ||     4
Throw: Javelin           ||     8
  Eat: Chunk             ||     1
Armor: Animal skin       ||     5
Dodge: Dodged            ||    21
Block: Buckler           ||     1

Table legend:
 A = Non-vault XP
 B = Vault XP
 C = Vault XP percentage of total XP
 D = Non-vault monster count
 E = Vault monster count
 F = Vault count percentage of total count
                 A         B        C        D         E       F
            +---------+---------+-------+---------+---------+-------
      Total |      41 |       0 |   0.0 |      23 |       0 |   0.0
            +---------+---------+-------+---------+---------+-------
        D:1 |      34 |       0 |   0.0 |      21 |       0 |   0.0
        D:2 |       7 |       0 |   0.0 |       2 |       0 |   0.0
            +---------+---------+-------+---------+---------+-------
